 Dungeon Crawl Stone Soup version 0.21.1-1-g345015fe64 (webtiles) character file.

77599 faabio the Fighter (level 15, -9/100 HPs)
             Began as a Gargoyle Earth Elementalist on July 1, 2018.
             Was a High Priest of Vehumet.
             Killed by divine providence
             ... invoked by Saint Roka
              (11 damage)
             ... on level 1 of the Orcish Mines on July 3, 2018.
             The game lasted 02:21:18 (28443 turns).

faabio the Fighter (Gargoyle Earth Elementalist)   Turns: 28443, Time: 02:21:19

Health: -9/100     AC: 30    Str: 14    XL:     15   Next: 57%
Magic:  10/40      EV: 11    Int: 24    God:    Vehumet [*****.]
Gold:   1265       SH:  5    Dex: 10    Spells: 18/38 levels left

rFire    + + .     SeeInvis .   C - +0 war axe of Ytsauder {drain, rF+}
rCold    + . .     Gourm    .   y - +0 buckler
rNeg     + . .     Faith    .   x - +3 ring mail of the Seven Beds {+Blink rPois rC+ Int+4}
rPois    ∞         Spirit   .   u - +0 helmet
rElec    +         Reflect  .   V - +0 cloak {rF+}
rCorr    .         Harm     .   n - +2 pair of gloves
MR       ++...                  N - +1 pair of boots
Stlth    +.........             D - amulet of regeneration
HPRegen  0.66/turn              j - ring of protection from magic
MPRegen  0.27/turn              p - ring of magical power

@: very slightly contaminated, drained
A: big wings, negative energy resistance 1, electricity resistance, unbreathing,
petrification resistance, rot immunity, AC +11
a: Fly, Renounce Religion, Evoke Blink


You were on level 1 of the Orcish Mines.
You worshipped Vehumet.
Vehumet was extremely pleased with you.
You were hungry.

You visited 4 branches of the dungeon, and saw 23 of its levels.
You also visited: Volcano.

You collected 1872 gold pieces.
You spent 607 gold pieces at shops.

Inventory:

Hand Weapons
 C - the +0 war axe of Ytsauder (weapon) {drain, rF+}
   (You found it on level 5 of the Dungeon)

   A truly terrible weapon, it drains the life of those it strikes.
   It protects you from fire.
Missiles
 b - 5 stones (quivered)
Armour
 n - a +2 pair of gloves (worn)
 s - a +0 shield
 u - a +0 helmet (worn)
 x - the +3 ring mail of the Seven Beds (worn) {+Blink rPois rC+ Int+4}
   (You bought it in a shop on level 5 of the Dungeon)

   It affects your intelligence (+4).
   It protects you from cold.
   It protects you from poison.
   It lets you blink.
 y - a +0 buckler (worn)
 N - a +1 pair of boots (worn)
 V - a +0 cloak of fire resistance (worn)
Magical Staves
 Z - an uncursed staff of power
Jewellery
 j - a ring of protection from magic (left hand)
 p - a ring of magical power (right hand)
 D - an amulet of regeneration (around neck)
 H - an uncursed ring of resist corrosion
 I - a +3 ring of protection
Wands
 c - a wand of disintegration (26)
 E - a wand of acid (7)
 T - a wand of paralysis (13)
 X - a wand of digging (16)
Scrolls
 e - a scroll of blinking {unknown}
 f - 4 scrolls of amnesia
 g - 8 scrolls of remove curse
 o - 4 scrolls of enchant armour
 r - 2 scrolls of identify
 v - a scroll of magic mapping
 A - a scroll of fear
 F - 3 scrolls of enchant weapon
 L - a scroll of holy word
 M - 3 scrolls of fog
 R - a scroll of teleportation
Potions
 a - 7 potions of lignification
 h - 3 potions of resistance
 i - 3 potions of mutation
 l - 7 potions of curing
 m - 3 potions of degeneration {unknown}
 q - 4 potions of magic
 t - a potion of invisibility
 w - 7 potions of agility
 z - a potion of ambrosia {unknown}
 J - 6 potions of heal wounds
 K - 2 potions of cancellation {unknown}
 O - 2 potions of haste {unknown}
 P - a potion of flight {unknown}
 Q - 4 potions of might
 W - 2 potions of brilliance {unknown}
Comestibles
 d - 34 rations


   Skills:
 + Level 14.0(13.5) Fighting
 - Level 12.0(11.5) Armour
 - Level 1.7(1.3) Dodging
 - Level 2.3(2.0) Stealth
 * Level 8.8(8.4) Shields
 + Level 12.0(11.5) Spellcasting
 + Level 12.0(11.6) Conjurations
 - Level 0.7(0.4) Transmutations
 - Level 3.0(2.6) Fire Magic
 + Level 12.0(11.6) Earth Magic


You had 18 spell levels left.
You knew the following spells:

 Your Spells              Type           Power        Failure   Level  Hunger
a - Sandblast             Erth           ######       1%          1    None
b - Stone Arrow           Conj/Erth      ######       1%          3    None
c - Bolt of Magma         Conj/Fire/Erth ######....   1%          5    ####...
d - Apportation           Tloc           ##....       8%          1    None
e - Lee's Rapid Deconstr  Erth           ######....   1%          5    ####...
f - Passwall              Tmut/Erth      #####.....   1%          2    None
g - Flame Tongue          Conj/Fire      #####        1%          1    None
h - Blink                 Tloc           N/A          12%         2    None


Dungeon Overview and Level Annotations

Branches:
Dungeon (14/15)            Temple (1/1) D:4            Lair (6/6) D:10
 Shoals (0/4) Lair:2       Spider (0/4) Lair:4        Slime (0/5) Lair:5
    Orc (2/2) D:12            Elf (0/3) Orc:2        Vaults (0/5) D:13

Altars:
Ashenzari
Cheibriados
Dithmenos
Elyvilon
Fedhas
Gozag
Hepliaklqana
Kikubaaqudgha
Makhleb
Nemelex Xobeh
Okawaru
Qazlal
Ru
Sif Muna
Trog
Uskayaw
Vehumet
Wu Jian
Xom
Yredelemnul
Zin
The Shining One
Jiyva

Shops:
D:5 [   D:7 :[   D:10 *   D:13 (

Annotations:
D:4 PENNISLAND's ghost, amateur HOFi
Lair:5 exclusion: oklob plant
Orc:1 Saint Roka


Innate Abilities, Weirdness & Mutations

You are resistant to torment.
Your stone body is resilient. (AC +11)
You are immune to poison.
Your large and strong wings let you fly indefinitely.
You resist negative energy. (rN+)
You are resistant to electric shocks. (rElec)
You can survive without breathing.
You are immune to petrification.
You are immune to rotting.


Message History

Aiming: Sandblast
Press: ? - help, Shift-Dir - straight line, f/p - Saint Roka
Aim: Saint Roka, wielding a battleaxe and wearing a chain mail (almost dead)
The blast of sand hits Saint Roka.
Saint Roka is almost dead.
b - 6 stones Saint Roka invokes the aid of Beogh against you.
Beogh smites you!
* * * LOW HITPOINT WARNING * * *
Casting: Sandblast
Confirm with . or Enter, or press ? or * to list all spells.
Aiming: Sandblast
Press: ? - help, Shift-Dir - straight line, f/p - Saint Roka
Aim: Saint Roka, wielding a battleaxe and wearing a chain mail (severely wounded)
The blast of sand hits Saint Roka.
Saint Roka is almost dead.
b - 5 stones Saint Roka invokes the aid of Beogh against you.
Beogh smites you!
You die...

#.................###
##.....#.)..[.......##
##.........#........#
##...........[....#.##
###..........).#.####
##.#...........###
................# ###
##.#...........o####.##
....#.#....#....@##...##
.#.#####..........#..#.##
######.#.#..............##
#
##...............<...#.##
#....#..........#.#.....#
##...##.##........##....##
##.#####..........#.....#
### #.....#.#.###.#.##
##.......## ##.©.#


You could see Saint Roka.

Vanquished Creatures
  Josephine (D:14)
  A hydra (D:13)
  A catoblepas (Lair:6)
  A hell hog (Volcano)
  8 two-headed ogres
  3 centaur warriors
  11 death yaks
  5 skeletal warriors
  An unseen horror (D:13)
  A wizard (D:10)
  An orc knight (Orc:2)
  A harpy (shapeshifter) (D:13)
  An ugly thing (D:12)
  Pikel (D:6)
  A deep elf mage (D:14)
  An orc sorcerer (Orc:2)
  2 wolf spiders
  A salamander (Volcano)
  2 cyclopes
  2 manticores
  11 elephants
  A guardian serpent (Lair:6)
  12 black mambas
  A torpor snail (Lair:2)
  10 spiny frogs
  A gargoyle (D:13)
  2 kobold demonologists (D:12)
  6 rime drakes
  9 komodo dragons
  6 trolls
  A queen bee (shapeshifter) (D:13)
  A hornet (shapeshifter) (D:12)
  2 hornets (Lair:6)
  20 blink frogs
  A wind drake (shapeshifter) (D:13)
  8 slime creatures
  4 hippogriffs
  A spriggan (D:7)
  6 wraiths
  3 redbacks
  16 wyverns
  33 yaks
  2 shadows (D:14)
  3 basilisks
  3 vampire mosquitoes (D:13)
  A hungry ghost (D:12)
  3 wargs (Orc:2)
  2 acid dragons
  28 water moccasins
  A soldier ant (D:11)
  7 porcupines
  3 slaves (D:6)
  2 hell hounds (Volcano)
  2 black bears
  16 orc warriors
  A sky beast (D:5)
  A hornet zombie (D:7)
  2 phantoms
  3 ice beasts
  15 ogres
  11 centaurs
  2 necrophages
  10 wolves
  15 crocodiles
  A spectral wyvern (D:9)
  A wyvern zombie (D:14)
  9 big kobolds
  22 bullfrogs
  A wyvern skeleton (D:9)
  A water moccasin zombie (D:8)
  8 scorpions
  2 water moccasin skeletons
  20 killer bees
  An electric eel (Lair:2)
  18 wights
  2 howler monkeys
  2 crimson imps
  2 bullfrog zombies
  6 bullfrog skeletons
  3 centaur zombies
  A quasit (D:6)
  7 hounds
  4 jellies
  9 orc priests
  3 centaur skeletons
  An iron imp (D:5)
  6 iguanas
  26 orc wizards
  8 worker ants
  A hound zombie (D:7)
  2 hound skeletons
  A howler monkey skeleton (D:9)
  11 adders
  3 gnolls (D:10)
  An ooze (D:4)
  2 adder skeletons
  2 adder zombies
  A worm (D:4)
  4 dart slugs
  3 leopard geckos
  68 orcs
  4 giant cockroaches
  8 goblins
  12 hobgoblins
  10 jackals
  2 quokkas
  4 ball pythons
  10 bats
  6 frilled lizards
  3 goblin skeletons (D:5)
  A goblin zombie (D:5)
  25 kobolds
  3 kobold skeletons (D:5)
  A leopard gecko skeleton (D:4)
  An orc zombie (D:5)
  5 rats
692 creatures vanquished.

Vanquished Creatures (others)
  A two-headed ogre (Volcano)
  An orc wizard (Orc:2)
  2 orcs
  18 fungi
  22 plants
44 creatures vanquished.

Grand Total: 736 creatures vanquished

Notes
Turn   | Place    | Note
-------+----------+-------------------------------------------
     0 | D:1      | faabio the Gargoyle Earth Elementalist began the quest for the Orb.
     0 | D:1      | Reached XP level 1. HP: 10/10 MP: 3/3
   168 | D:1      | Reached XP level 2. HP: 15/15 MP: 0/5
   766 | D:1      | Reached XP level 3. HP: 19/19 MP: 3/6
  1370 | D:2      | Found an ornate altar of the Wu Jian Council.
  1432 | D:2      | Reached skill level 5 in Earth Magic
  1441 | D:2      | Reached XP level 4. HP: 24/24 MP: 5/8
  1648 | D:3      | Found a shattered altar of Ashenzari.
  1666 | D:3      | Reached XP level 5. HP: 18/28 MP: 0/9
  1870 | D:3      | You fall through a shaft!
  1920 | D:4      | Noticed PENNISLAND's ghost (amateur HOFi)
  2658 | D:4      | Reached XP level 6. HP: 32/32 MP: 6/11
  2682 | D:4      | Learned a level 3 spell: Stone Arrow
  2787 | D:4      | Noticed a phantom
  2794 | D:4      | Killed a phantom
  3144 | D:4      | Reached skill level 1 in Conjurations
  3186 | D:4      | Got a flickering lapis lazuli ring
  3208 | D:4      | Found a staircase to the Ecumenical Temple.
  3217 | Temple   | Entered the Ecumenical Temple
  3443 | Temple   | Became a worshipper of Vehumet
  3505 | D:4      | Reached skill level 1 in Fighting
  3505 | D:4      | Reached XP level 7. HP: 26/38 MP: 13/13
  3687 | D:4      | Found a deep blue altar of Sif Muna.
  3791 | D:5      | Entered Level 5 of the Dungeon
  3862 | D:5      | Found a glowing golden altar of the Shining One.
  4194 | D:5      | Reached * piety under Vehumet
  4194 | D:5      | Offered knowledge of Flame Tongue by Vehumet.
  4222 | D:5      | Found Ethim's Antique Armour Shoppe.
  4225 | D:5      | Learned a level 1 spell: Flame Tongue
  4227 | D:5      | Learned a level 1 spell: Apportation
  4259 | D:5      | Reached skill level 2 in Fighting
  4309 | D:5      | Found a glowing golden altar of the Shining One.
  4366 | D:5      | Reached XP level 8. HP: 45/45 MP: 10/14
  4992 | D:6      | Reached skill level 3 in Fighting
  5081 | D:6      | Reached skill level 5 in Conjurations
  5291 | D:6      | Noticed Pikel
  5496 | D:6      | Reached skill level 5 in Spellcasting
  5520 | D:6      | Reached skill level 4 in Fighting
  5559 | D:6      | Killed Pikel
  5559 | D:6      | Reached XP level 9. HP: 38/53 MP: 1/17
  5660 | D:6      | Reached skill level 5 in Fighting
  6239 | D:5      | Bought an amethyst-studded ring mail for 234 gold pieces
  6249 | D:5      | Identified the +3 ring mail of the Seven Beds {+Blink rPois rC+ Int+4} (You bought it in a shop on level 5 of the Dungeon)
  6340 | D:7      | Found a sparkling altar of Nemelex Xobeh.
  6345 | D:7      | Found a basalt altar of Yredelemnul.
  6345 | D:7      | Found a glowing silver altar of Zin.
  6346 | D:7      | Found a blossoming altar of Fedhas.
  6347 | D:7      | Found a stormy altar of Qazlal.
  6347 | D:7      | Found a burning altar of Makhleb.
  6350 | D:7      | Found Amakh's Armour Emporium.
  6350 | D:7      | Found a hide-covered altar of Uskayaw.
  6402 | D:7      | Reached skill level 1 in Armour
  6615 | D:7      | Reached ** piety under Vehumet
  6782 | D:7      | Found Doas's Book Emporium.
  7031 | D:7      | Offered knowledge of Freeze by Vehumet.
  7222 | D:5      | Got a jewelled war axe
  7223 | D:5      | Identified the cursed +0 war axe of Ytsauder {drain, rF+} (You found it on level 5 of the Dungeon)
  7423 | D:7      | Identified the ring "Efuc" {rPois Str+5} (You found it on level 4 of the Dungeon)
  7658 | D:8      | Reached skill level 6 in Fighting
  7871 | D:8      | Reached XP level 10. HP: 60/60 MP: 18/19
  8277 | D:8      | Offered knowledge of Throw Flame by Vehumet.
  8374 | D:9      | Noticed a two-headed ogre
  8377 | D:9      | Killed a two-headed ogre
  8473 | D:9      | Reached skill level 7 in Fighting
  8665 | D:9      | Found an iron altar of Okawaru.
  8745 | D:9      | Noticed a two-headed ogre
  8751 | D:9      | Killed a two-headed ogre
  8751 | D:9      | Reached skill level 5 in Armour
  8759 | D:9      | Found an opulent altar of Gozag.
  8762 | D:9      | Reached *** piety under Vehumet
  9215 | D:10     | Entered Level 10 of the Dungeon
  9295 | D:10     | Reached skill level 1 in Shields
  9403 | D:10     | Noticed a manticore
  9404 | D:10     | Found a blossoming altar of Fedhas.
  9408 | D:10     | Killed a manticore
  9408 | D:10     | Reached skill level 10 in Earth Magic
  9461 | D:10     | Found a staircase to the Lair.
  9462 | D:10     | Reached XP level 11. HP: 68/68 MP: 22/22
  9537 | D:10     | Offered knowledge of Conjure Flame by Vehumet.
  9537 | D:10     | Reached skill level 8 in Fighting
  9819 | D:10     | Noticed a wizard
  9823 | D:10     | Killed a wizard
  9901 | D:10     | Found Ducuifre's Assorted Antiques.
  9907 | D:10     | Bought a scroll labeled CAFASI BABE for 21 gold pieces
 10080 | D:10     | Reached **** piety under Vehumet
 10358 | D:11     | Noticed a two-headed ogre
 10367 | D:11     | Killed a two-headed ogre
 10392 | D:11     | Offered knowledge of Bolt of Magma by Vehumet.
 10399 | D:11     | Learned a level 5 spell: Bolt of Magma
 10402 | D:11     | Learned a level 2 spell: Passwall
 10625 | D:11     | Found a shimmering altar of Xom.
 10653 | D:11     | Noticed a skeletal warrior
 10662 | D:11     | Noticed a skeletal warrior
 10815 | D:11     | Noticed a two-headed ogre
 10819 | D:11     | Killed a two-headed ogre
 10819 | D:11     | Reached skill level 9 in Fighting
 10905 | D:11     | Noticed a cyclops
 10929 | D:11     | Found the +2 robe of Vines {NoPotionHeal Regen+7}
 10959 | D:11     | Killed a cyclops
 11093 | D:10     | Killed a skeletal warrior
 11237 | D:11     | Identified a scroll of acquirement
 11277 | D:11     | Noticed a two-headed ogre
 11283 | D:11     | Killed a two-headed ogre
 11439 | D:11     | Killed a skeletal warrior
 11512 | D:11     | Reached XP level 12. HP: 76/76 MP: 21/24
 12111 | D:5      | Bought a pair of distressingly furry gloves for 247 gold pieces
 12116 | D:5      | Identified the -3 pair of gloves "Nodenaof" {Str+5 Stlth+} (You bought it in a shop on level 5 of the Dungeon)
 12276 | Lair:1   | Entered Level 1 of the Lair of Beasts
 12362 | Lair:1   | Reached skill level 10 in Fighting
 12487 | Lair:1   | Reached skill level 10 in Conjurations
 13007 | Lair:1   | Reached ***** piety under Vehumet
 13067 | Lair:1   | Offered knowledge of Iskenderun's Mystic Blast by Vehumet.
 13829 | Lair:2   | Noticed a death yak
 13832 | Lair:2   | Noticed a death yak
 13914 | Lair:1   | Killed a death yak
 13953 | Lair:2   | Killed a death yak
 14254 | Lair:2   | Reached XP level 13. HP: 84/84 MP: 19/26
 14575 | Lair:2   | Found a staircase to the Shoals.
 14767 | Lair:2   | You fall through a shaft!
 14772 | Lair:3   | Reached skill level 11 in Fighting
 14830 | Lair:3   | Found a dark tunnel.
 14873 | Volcano  | Entered a volcano
 14905 | Volcano  | Reached skill level 10 in Armour
 15808 | Lair:3   | Reached skill level 1 in Fire Magic
 15830 | Lair:3   | Offered knowledge of Spellforged Servitor by Vehumet.
 16362 | Lair:4   | Reached skill level 10 in Spellcasting
 16754 | Lair:4   | Found a hole to the Spider Nest.
 17827 | Lair:5   | Found a viscous altar of Jiyva.
 17827 | Lair:5   | Found a staircase to the Slime Pits.
 17993 | Lair:5   | Got a crystal spear
 17994 | Lair:5   | Identified the cursed +2 spear of the Fox {pierce, rN+ Stlth+} (You found it on level 5 of the Lair of Beasts)
 18153 | Lair:4   | Gained mutation: Your large and strong wings let you fly indefinitely. [Gargoyle growth]
 18153 | Lair:4   | Reached XP level 14. HP: 29/91 MP: 27/28
 18434 | Lair:5   | Reached skill level 12 in Fighting
 18650 | Lair:5   | Got a faintly humming leather armour
 18661 | Lair:5   | Identified the +0 leather armour of Umaohecoha {Str+6} (You found it on level 5 of the Lair of Beasts)
 18873 | Lair:6   | Entered Level 6 of the Lair of Beasts
 20590 | Lair:6   | Offered knowledge of Bolt of Fire by Vehumet.
 21039 | Lair:5   | Reached skill level 13 in Fighting
 21843 | D:10     | Bought an emerald ring for 105 gold pieces
 22608 | D:12     | Reached skill level 5 in Shields
 23001 | D:12     | Found a staircase to the Orcish Mines.
 23015 | D:12     | Reached XP level 15. HP: 99/99 MP: 19/30
 23796 | D:12     | Offered knowledge of Fireball by Vehumet.
 23954 | D:12     | Learned a level 5 spell: Lee's Rapid Deconstruction
 24140 | D:13     | Found a gate to the Vaults.
 24506 | D:13     | Found Gyeb's Antique Weapon Shoppe.
 25442 | D:14     | Learned a level 2 spell: Blink
 25837 | D:14     | Noticed Josephine
 25844 | D:14     | Killed Josephine
 26760 | Orc:1    | Entered Level 1 of the Orcish Mines
 27020 | Orc:2    | Entered Level 2 of the Orcish Mines
 27264 | Orc:2    | Found a staircase to the Elven Halls.
 27538 | Orc:2    | Reached skill level 14 in Fighting
 27900 | Orc:2    | Noticed Saint Roka
 27927 | Orc:2    | Paralysed by an orc sorcerer for 5 turns
 28442 | Orc:1    | HP: 2/100 [Saint Roka/divine providence (12)]
 28443 | Orc:1    | Killed from afar by Saint Roka

Skill      XL: |  1  2  3  4  5  6  7  8  9 10 11 12 13 14 15 |
---------------+----------------------------------------------+-----
Earth Magic    | 4 5 6 7 8 10 11 12 | 12.0
Spellcasting   | 3 4 5 6 7 8 9 10 11 12 | 12.0
Conjurations   | 1 3 7 8 9 10 11 12 | 12.0
Fighting       | 1 2 4 6 7 9 10 11 13 14 | 14.0
Armour         | 3 5 8 9 10 12 | 12.0
Shields        | 1 4 5 8 |  8.8
Fire Magic     | 2 3 |  3.0
Dodging        | |  1.7
Stealth        | |  2.3
Transmutations | |  0.7

Action                   |  1- 3 |  4- 6 |  7- 9 | 10-12 | 13-15 || total
-------------------------+-------+-------+-------+-------+-------++-------
Melee: Unarmed           |    14 |       |       |       |       ||    14
       Dagger            |    46 |    19 |   146 |       |       ||   211
       War axe           |       |       |       |     7 |    28 ||    35
 Cast: Sandblast         |    39 |    66 |    47 |    74 |   250 ||   476
       Stone Arrow       |       |       |    96 |   351 |   883 ||  1330
       Bolt of Magma     |       |       |       |       |    16 ||    16
       Lee's Rapid Decon |       |       |       |       |     2 ||     2
  Use: Scroll            |       |     9 |     1 |     6 |    14 ||    30
       Potion            |       |       |       |       |     7 ||     7
 Stab: Sleeping          |       |       |     4 |       |       ||     4
  Eat: Chunk             |     2 |     6 |    17 |    16 |    45 ||    86
       Ration            |       |       |       |     1 |       ||     1
Armor: Robe              |    15 |     1 |       |       |       ||    16
       Leather armour    |       |    16 |    68 |       |       ||    84
       Ring mail         |       |       |     7 |   135 |   722 ||   864
Dodge: Dodged            |    53 |    22 |   124 |   121 |   510 ||   830
Block: Buckler           |       |       |       |    20 |   207 ||   227
